Little Stars vs Checkers
Created - May 16, 2024 at 20:38
Goals
|
| Little Stars |
2 |
1 |
1 |
0 |
4 |
| Checkers |
1 |
2 |
1 |
1 |
5 |
|
Shots
|
| Little Stars |
18 |
9 |
6 |
0 |
33 |
| Checkers |
15 |
14 |
8 |
6 |
43 |
|
1st period
1. Little Stars , Ilya Mikheyev 2 (Joakim Nygard 2, Jason Dickinson 2) at 11:30
2. Little Stars , Shane Gersich 2 (Radel Fazleev 1, Matt Luff 2) at 17:16 (PP)
3. Checkers , Drake Batherson 3 (Timothy Liljegren 2, Dominik Kahun 3) at 19:28 (PP)
Penalties :
Ilya Mikheyev (Tex) for High sticking (Minor) at 2:20, Matt Luff (Tex) for Slashing (Minor) at 8:08, Morgan Frost (Cha) for Tripping (Minor) at 17:00, Cal Burke (Tex) for Tripping (Minor) at 18:44, Patrick Brown (Cha) for Slashing (Minor) at 19:45
2nd period
4. Checkers , Austin Poganski 1 (Radim Simek 1, Morgan Frost 1) at 2:11
5. Little Stars , Shane Gersich 3 (Matt Luff 3) at 5:42
6. Checkers , Roberts Lipsbergs 1 (Morgan Frost 2, Jake Walman 1) at 6:59
Penalties :
John Draeger (Cha) for Slashing (Minor) at 14:31
3rd period
7. Checkers , Matt Puempel 1 (Jake Walman 2) at 11:59 (SH)
8. Little Stars , Joakim Nygard 2 (Collin Miller 2, Ilya Mikheyev 1) at 12:16 (PP)
Penalties :
Andrei Svechnikov (Cha) for Interference (Minor) at 10:56
Overtime #1
9. Checkers , Drake Batherson 4 (Dominik Kahun 4) at 5:54 (PP)
Penalties :
Matt Luff (Tex) for Slashing (Minor) at 5:43, Collin Miller (Tex) for Delaying the game (Minor) at 5:51
Goalie Stats
Danil Tarasov (Tex), 38 saves from 43 shots - (0.884), OTL, 0-0-1, 65:54 minutes
Brandon Halverson (Cha), 29 saves from 33 shots - (0.879), W, 2-1-0, 65:54 minutes
Players Stats for Little Stars
Player Name G A P +/- PIM S H SB GA TA FO MP PP MP PK MP
------------------------------------------------------------------------------------
Cal Burke 0 0 0 -1 2 0 2 0 0 0 0/1 9:30 0:00 0:00
Collin Miller 0 1 1 1 2 0 3 1 0 1 0/0 30:09 4:06 2:33
Emile Poirier 0 0 0 -1 0 2 0 0 0 0 0/0 13:01 0:02 0:29
Filip Chytil 0 0 0 -1 0 1 1 0 0 0 0/7 12:18 0:00 0:23
Ilya Mikheyev 1 1 2 0 2 4 1 0 2 1 0/1 22:56 3:27 0:00
Jason Dickinson 0 1 1 0 0 2 4 0 0 1 13/35 25:28 3:25 2:50
Jean-Christophe Beaudin 0 0 0 -1 0 0 0 0 0 0 1/4 9:31 0:00 0:00
Joakim Nygard 1 1 2 0 0 9 1 0 1 0 1/1 25:27 3:25 2:49
Jonathan Dahlen 0 0 0 -1 0 1 1 0 0 0 0/0 9:49 0:02 0:00
Justin Auger 0 0 0 -1 0 0 1 0 0 0 1/1 12:13 0:00 0:00
Matt Luff 0 2 2 1 4 0 0 0 2 0 1/1 17:03 2:07 0:25
Radel Fazleev 0 1 1 1 0 3 1 0 1 0 10/18 17:44 2:07 1:23
Reece Willcox 0 0 0 -2 0 3 3 1 1 1 0/0 22:19 1:28 2:16
Samuel Girard 0 0 0 0 0 0 0 1 0 1 0/0 13:23 0:00 0:00
Shane Gersich 2 0 2 1 0 6 1 0 2 1 0/0 17:44 2:07 1:23
Tucker Poolman 0 0 0 -2 0 1 3 0 1 0 0/0 22:17 1:24 2:18
Ville Pokka 0 0 0 0 0 0 0 1 0 0 0/0 13:23 0:00 0:00
Wiley Sherman 0 0 0 1 0 1 0 1 0 2 0/0 30:16 4:10 2:36
Players Stats for Checkers
Player Name G A P +/- PIM S H SB GA TA FO MP PP MP PK MP
------------------------------------------------------------------------------------
Andrei Svechnikov 0 0 0 0 2 3 2 1 0 1 0/0 15:37 1:51 0:00
Anthony Beauvillier 0 0 0 -2 0 3 2 0 0 2 1/3 23:54 2:52 3:53
Austin Poganski 1 0 1 2 0 3 1 1 0 0 0/0 10:21 0:00 0:00
Dominik Kahun 0 2 2 -2 0 2 1 1 3 0 24/38 24:07 3:01 3:52
Drake Batherson 2 0 2 -2 0 8 0 1 2 0 0/2 20:15 3:01 0:00
Dylan Gambrell 0 0 0 0 0 1 0 1 1 0 7/12 16:59 1:51 1:19
Jake Walman 0 2 2 1 0 0 1 0 0 1 0/0 16:33 0:44 1:36
Jared McIsaac 0 0 0 0 0 0 1 1 0 0 0/0 16:29 1:33 0:07
John Draeger 0 0 0 1 2 1 1 2 0 2 0/0 19:36 0:00 2:42
Kale Clague 0 0 0 0 0 3 1 2 0 2 0/0 27:59 1:33 1:50
Kirill Marchenko 0 0 0 0 0 1 2 0 0 0 2/2 14:03 0:00 0:00
Matt Puempel 1 0 1 1 0 5 2 0 1 0 0/0 15:42 0:09 0:52
Morgan Frost 0 2 2 2 2 3 1 0 0 0 1/3 10:12 0:00 0:00
Patrick Brown 0 0 0 0 2 1 0 1 0 0 1/1 16:35 1:51 0:56
Radim Simek 0 1 1 0 0 2 2 1 0 2 0/0 30:56 2:35 3:51
Roberts Lipsbergs 1 0 1 3 0 3 3 0 0 0 0/0 10:16 0:00 0:16
Tanner Laczynski 0 0 0 0 0 3 0 1 1 0 6/8 14:03 0:00 0:00
Timothy Liljegren 0 1 1 0 0 1 0 0 0 0 0/0 20:15 3:19 1:02
3 Stars
1 - Shane Gersich (Tex)
2 - Roberts Lipsbergs (Cha)
3 - Austin Poganski (Cha)
Power Play
Little Stars - 2 on 4 Attempt(s) - 50.00%
Checkers - 2 on 5 Attempt(s) - 40.00%
Penalty Kill
Little Stars - 3 on 5 Attempt(s) - 60.00%
- Score 0 goal in Penalty Kill
Checkers - 2 on 4 Attempt(s) - 50.00%
- Score 1 goal in Penalty Kill
Team Stat
Little Stars - Hits : 22 - Faceoff Wins : 27 - Blocked Shots : 5 - Penalty Minutes : 10
Checkers - Hits : 20 - Faceoff Wins : 42 - Blocked Shots : 13 - Penalty Minutes : 8
Official
Referees : Chris Schlenker and Trevor Hanson
Linesman : Travis Gawryletz and Mark Shewchyk
Game Notes
No Game Note
Finance
Level 1 -- Attendance: 2000 (100.00%) -- Ticket Income $140,000
Level 2 -- Attendance: 985 (98.50%) -- Ticket Income $39,400
Total Attendance: 2985 (99.50%)
Total Ticket Income: $179,400
Other Income: $8,970
Total Income: $188,370
Little Stars
5 vs 5 Forward
Center Left Wing Right Wing Time % Phy DF OF
1 Jason Dickinson Joakim Nygard Ilya Mikheyev 40 1 2 2
2 Radel Fazleev Shane Gersich Matt Luff 30 1 2 2
3 Filip Chytil Emile Poirier Justin Auger 20 1 2 2
4 Jean-Christophe Beaudin Jonathan Dahlen Cal Burke 10 1 2 2
5 vs 5 Defense
Defense Defense Time % Phy DF OF
1 Wiley Sherman Collin Miller 40 1 2 2
2 Reece Willcox Tucker Poolman 30 1 2 2
3 Samuel Girard Ville Pokka 20 1 2 2
4 Wiley Sherman Collin Miller 10 1 2 2
PowerPlay Forward
Center Left Wing Right Wing Time % Phy DF OF
1 Jason Dickinson Joakim Nygard Ilya Mikheyev 60 0 2 3
2 Radel Fazleev Shane Gersich Matt Luff 40 0 2 3
PowerPlay Defense
Defense Defense Time % Phy DF OF
1 Wiley Sherman Collin Miller 60 1 2 2
2 Reece Willcox Tucker Poolman 40 1 2 2
Penalty Kill 4 Players Forward
Center Wing Time % Phy DF OF
1 Jason Dickinson Joakim Nygard 60 1 2 2
2 Radel Fazleev Shane Gersich 40 1 2 2
Penalty Kill 4 Players Defense
Defense Defense Time % Phy DF OF
1 Wiley Sherman Collin Miller 60 0 3 2
2 Reece Willcox Tucker Poolman 40 0 3 2
Penalty Kill - 3 Players Forward
Forward Time % Phy DF OF
1 Jason Dickinson 60 1 2 2
2 Radel Fazleev 40 1 2 2
Penalty Kill - 3 Players Defense
Defense Defense Time % Phy DF OF
1 Wiley Sherman Collin Miller 60 0 3 2
2 Reece Willcox Tucker Poolman 40 0 3 2
4 vs 4 Forward
Center Wing Time % Phy DF OF
1 Jason Dickinson Joakim Nygard 60 0 2 3
2 Radel Fazleev Shane Gersich 40 0 2 3
4 vs 4 Defense
Defense Defense Time % Phy DF OF
1 Wiley Sherman Collin Miller 60 1 2 2
2 Reece Willcox Tucker Poolman 40 1 2 2
Last Minutes Offensive
Center Left Wing Right Wing Defense Defense
Jason Dickinson Joakim Nygard Ilya Mikheyev Wiley Sherman Collin Miller
Last Minutes Defensive
Center Left Wing Right Wing Defense Defense
Jason Dickinson Joakim Nygard Ilya Mikheyev Wiley Sherman Collin Miller
Goaltenders
Starting : Danil Tarasov
Backup : Michael Houser
Extra Forwards
Normal : Matt Luff, Emile Poirier, Justin Auger - PP : Matt Luff, Emile Poirier - PK : Matt Luff
Extra Defensemen
Normal : Tucker Poolman, Samuel Girard, Ville Pokka - PP : Tucker Poolman - PK : Tucker Poolman, Samuel Girard
Penalty Shots
Ilya Mikheyev, Joakim Nygard, Jason Dickinson, Shane Gersich, Matt Luff
Custom OT Lines Forwards
Ilya Mikheyev, Joakim Nygard, Jason Dickinson, Shane Gersich, Matt Luff, Emile Poirier, Justin Auger, Radel Fazleev, Jonathan Dahlen, Filip Chytil
Custom OT Lines Defensemen
Wiley Sherman, Collin Miller, Reece Willcox, Tucker Poolman, Samuel Girard
Scratches
Jack McBain (Healthy), Daniel O'regan (Bruised Left Shoulder Injury), Lawrence Pilut (Healthy), Connor Mackey (Healthy), Rudolfs Balcers (Healthy)
Yakov Trenin (Healthy), Joey Anderson (Healthy), Givani Smith (Healthy), Blade Jenkins (Healthy), Michael Giugovaz (Healthy)
Checkers
5 vs 5 Forward
Center Left Wing Right Wing Time % Phy DF OF
1 Dominik Kahun Anthony Beauvillier Drake Batherson 40 0 2 3
2 Dylan Gambrell Andrei Svechnikov Patrick Brown 30 0 2 3
3 Tanner Laczynski Matt Puempel Kirill Marchenko 20 0 2 3
4 Morgan Frost Roberts Lipsbergs Austin Poganski 10 0 2 3
5 vs 5 Defense
Defense Defense Time % Phy DF OF
1 Radim Simek Kale Clague 40 0 2 3
2 John Draeger Timothy Liljegren 30 0 2 3
3 Jake Walman Jared McIsaac 20 0 2 3
4 Radim Simek Kale Clague 10 0 2 3
PowerPlay Forward
Center Left Wing Right Wing Time % Phy DF OF
1 Dominik Kahun Anthony Beauvillier Drake Batherson 60 0 1 4
2 Dylan Gambrell Andrei Svechnikov Patrick Brown 40 0 1 4
PowerPlay Defense
Defense Defense Time % Phy DF OF
1 Timothy Liljegren Radim Simek 60 0 2 3
2 Kale Clague Jared McIsaac 40 0 2 3
Penalty Kill 4 Players Forward
Center Wing Time % Phy DF OF
1 Dominik Kahun Anthony Beauvillier 60 0 3 2
2 Dylan Gambrell Patrick Brown 40 0 3 2
Penalty Kill 4 Players Defense
Defense Defense Time % Phy DF OF
1 Radim Simek John Draeger 60 0 4 1
2 Kale Clague Jake Walman 40 0 4 1
Penalty Kill - 3 Players Forward
Forward Time % Phy DF OF
1 Anthony Beauvillier 60 0 3 2
2 Dominik Kahun 40 0 3 2
Penalty Kill - 3 Players Defense
Defense Defense Time % Phy DF OF
1 Radim Simek John Draeger 60 0 4 1
2 Kale Clague Jake Walman 40 0 4 1
4 vs 4 Forward
Center Wing Time % Phy DF OF
1 Dominik Kahun Drake Batherson 60 0 2 3
2 Dylan Gambrell Anthony Beauvillier 40 0 2 3
4 vs 4 Defense
Defense Defense Time % Phy DF OF
1 Radim Simek Kale Clague 60 0 2 3
2 John Draeger Timothy Liljegren 40 0 2 3
Last Minutes Offensive
Center Left Wing Right Wing Defense Defense
Dominik Kahun Anthony Beauvillier Drake Batherson Timothy Liljegren Kale Clague
Last Minutes Defensive
Center Left Wing Right Wing Defense Defense
Dominik Kahun Anthony Beauvillier Patrick Brown Radim Simek John Draeger
Goaltenders
Starting : Brandon Halverson
Backup : Joseph Woll
Extra Forwards
Normal : Andrei Svechnikov, Anthony Beauvillier, Drake Batherson - PP : Andrei Svechnikov, Drake Batherson - PK : Matt Puempel
Extra Defensemen
Normal : Kale Clague, Timothy Liljegren, Radim Simek - PP : Radim Simek - PK : Kale Clague, Timothy Liljegren
Penalty Shots
Patrick Brown, Drake Batherson, Andrei Svechnikov, Dominik Kahun, Anthony Beauvillier
Custom OT Lines Forwards
Patrick Brown, Drake Batherson, Anthony Beauvillier, Dominik Kahun, Kirill Marchenko, Tanner Laczynski, Dylan Gambrell, Morgan Frost, Andrei Svechnikov, Matt Puempel
Custom OT Lines Defensemen
Radim Simek, John Draeger, Kale Clague, Timothy Liljegren, Jake Walman
Scratches
Mitchell Heard (Healthy), Nicklas Jensen (Healthy), Simon Bourque (Healthy), Viktor Baldayev (Healthy), Artur Kayumov (Healthy)
Ivan Prosvetov (Healthy), Jakub Skarek (Healthy)
% Time on Ice - Little Stars
Lines # - Real PCT - Wanted PCT - Time Play
Normal Forward
1 - 36% - 40% - 20:00
2 - 26% - 30% - 14:14
3 - 21% - 20% - 11:43
4 - 17% - 10% - 9:31
Normal Defense
1 - 39% - 40% - 21:33
2 - 34% - 30% - 18:35
3 - 24% - 20% - 13:23
4 - 4% - 10% - 1:57
PP Forward
1 - 62% - 60% - 3:27
2 - 38% - 40% - 2:07
PP Defense
1 - 75% - 60% - 4:10
2 - 25% - 40% - 1:24
PK Forward
1 - 71% - 60% - 3:27
2 - 29% - 40% - 1:23
PK Defense
1 - 53% - 60% - 2:34
2 - 47% - 40% - 2:16
PK3 Forward
1 - 100% - 60% - 0:02
2 - 0% - 40% - 0:00
PK3 Defense
1 - 100% - 60% - 0:02
2 - 0% - 40% - 0:00
44 Forward
1 - 0% - 60%
2 - 0% - 40%
44 Defense
1 - 0% - 60%
2 - 0% - 40%
Last Minute Offensive - 0:00
Last Minute Defensive - 0:00
Total
Forward - 65:54
Defense - 65:54
|
% Time on Ice - Checkers
Lines # - Real PCT - Wanted PCT - Time Play
Normal Forward
1 - 32% - 40% - 17:36
2 - 25% - 30% - 13:49
3 - 25% - 20% - 14:03
4 - 18% - 10% - 10:00
Normal Defense
1 - 40% - 40% - 22:17
2 - 31% - 30% - 16:59
3 - 25% - 20% - 13:58
4 - 4% - 10% - 2:14
PP Forward
1 - 62% - 60% - 3:01
2 - 38% - 40% - 1:51
PP Defense
1 - 68% - 60% - 3:19
2 - 32% - 40% - 1:33
PK Forward
1 - 76% - 60% - 4:15
2 - 24% - 40% - 1:19
PK Defense
1 - 80% - 60% - 4:27
2 - 20% - 40% - 1:07
PK3 Forward
1 - 0% - 60%
2 - 0% - 40%
PK3 Defense
1 - 0% - 60%
2 - 0% - 40%
44 Forward
1 - 0% - 60%
2 - 0% - 40%
44 Defense
1 - 0% - 60%
2 - 0% - 40%
Last Minute Offensive - 0:00
Last Minute Defensive - 0:00
Total
Forward - 65:54
Defense - 65:54
|
Play-by-Play
1st period
0:01 of 1st period - Jason Dickinson wins face-off versus Dominik Kahun in neutral zone.
0:14 of 1st period - Snap shot by Joakim Nygard.
0:14 of 1st period - Stopped by Brandon Halverson without a rebound.
0:15 of 1st period - Dylan Gambrell wins face-off versus Radel Fazleev in Checkers zone.
0:24 of 1st period - Wrist shot by Shane Gersich.
0:24 of 1st period - Shot Blocked by Andrei Svechnikov.
0:26 of 1st period - Snap shot by Matt Luff.
0:26 of 1st period - Shot Blocked by Patrick Brown.
0:28 of 1st period - Slapshot by Radel Fazleev.
0:28 of 1st period - Deflect By Shane Gersich.
0:28 of 1st period - Shot Blocked by John Draeger.
0:28 of 1st period - Puck is out of play.
0:29 of 1st period - Kirill Marchenko wins face-off versus Filip Chytil in Checkers zone.
0:34 of 1st period - Backhand shot by Kirill Marchenko.
0:34 of 1st period - Stopped by Danil Tarasov without a rebound.
0:35 of 1st period - Tanner Laczynski wins face-off versus Filip Chytil in Little Stars zone.
0:36 of 1st period - Wrist shot by Matt Puempel.
0:36 of 1st period - Shot Misses the Net.
0:44 of 1st period - Snap shot by Justin Auger.
0:44 of 1st period - Shot Blocked by Tanner Laczynski.
1:15 of 1st period - Wrist shot by Dominik Kahun.
1:15 of 1st period - Deflect By Drake Batherson.
1:15 of 1st period - Shot Misses the Net.
1:15 of 1st period - Puck is out of play.
1:16 of 1st period - Matt Luff wins face-off versus Dylan Gambrell in Little Stars zone.
1:16 of 1st period - Matt Luff is hit by Radim Simek.
1:43 of 1st period - Icing by Roberts Lipsbergs.
1:44 of 1st period - Morgan Frost wins face-off versus Jean-Christophe Beaudin in Checkers zone.
1:56 of 1st period - Snap shot by Austin Poganski.
1:56 of 1st period - Stopped by Danil Tarasov without a rebound.
1:57 of 1st period - Dominik Kahun wins face-off versus Jason Dickinson in Little Stars zone.
2:06 of 1st period - Wrist shot by Anthony Beauvillier.
2:06 of 1st period - Stopped by Danil Tarasov with a rebound.
2:08 of 1st period - Slapshot by Kale Clague.
2:08 of 1st period - Stopped by Danil Tarasov with a rebound.
2:14 of 1st period - Snap shot by Anthony Beauvillier.
2:14 of 1st period - Stopped by Danil Tarasov with a rebound.
2:20 of 1st period - Minor Penalty to Ilya Mikheyev for High sticking.
2:21 of 1st period - Dominik Kahun wins face-off versus Jason Dickinson in Little Stars zone.
2:30 of 1st period - Wrist shot by Drake Batherson.
2:30 of 1st period - Shot Misses the Net.
2:32 of 1st period - Snap shot by Drake Batherson.
2:32 of 1st period - Shot Misses the Net.
2:34 of 1st period - Slapshot by Radim Simek.
2:34 of 1st period - Deflect By Collin Miller.
2:34 of 1st period - Stopped by Danil Tarasov with a rebound.
2:53 of 1st period - Wiley Sherman is hit by Kale Clague and loses puck.
4:20 of 1st period - Penalty to Ilya Mikheyev is over, Ilya Mikheyev is back on ice.
4:38 of 1st period - Snap shot by Tanner Laczynski.
4:38 of 1st period - Stopped by Danil Tarasov with a rebound.
4:40 of 1st period - Slapshot by John Draeger.
4:40 of 1st period - Deflect By Reece Willcox.
4:40 of 1st period - Stopped by Danil Tarasov without a rebound.
4:41 of 1st period - Radel Fazleev wins face-off versus Morgan Frost in Little Stars zone.
5:07 of 1st period - Radim Simek is hit by Jason Dickinson and loses puck.
5:14 of 1st period - Slapshot by Roberts Lipsbergs.
5:14 of 1st period - Stopped by Danil Tarasov without a rebound.
5:15 of 1st period - Dominik Kahun wins face-off versus Jason Dickinson in Little Stars zone.
5:22 of 1st period - Slapshot by Dominik Kahun.
5:22 of 1st period - Stopped by Danil Tarasov with a rebound.
5:24 of 1st period - Wrist shot by Drake Batherson.
5:24 of 1st period - Stopped by Danil Tarasov without a rebound.
5:25 of 1st period - Dominik Kahun wins face-off versus Jason Dickinson in Little Stars zone.
6:08 of 1st period - Snap shot by Ilya Mikheyev.
6:08 of 1st period - Shot Misses the Net.
6:20 of 1st period - Snap shot by Joakim Nygard.
6:20 of 1st period - Stopped by Brandon Halverson without a rebound.
6:21 of 1st period - Radel Fazleev wins face-off versus Dylan Gambrell in Checkers zone.
6:24 of 1st period - Snap shot by Shane Gersich.
6:24 of 1st period - Stopped by Brandon Halverson without a rebound.
6:25 of 1st period - Radel Fazleev wins face-off versus Dylan Gambrell in Checkers zone.
6:33 of 1st period - Slapshot by Reece Willcox.
6:33 of 1st period - Stopped by Brandon Halverson with a rebound.
6:35 of 1st period - Snap shot by Radel Fazleev.
6:35 of 1st period - Stopped by Brandon Halverson with a rebound.
6:37 of 1st period - Snap shot by Reece Willcox.
6:37 of 1st period - Shot Blocked by Dylan Gambrell.
7:43 of 1st period - Off-side.
7:44 of 1st period - Dylan Gambrell wins face-off versus Radel Fazleev in neutral zone.
7:46 of 1st period - Off-side.
7:47 of 1st period - Dylan Gambrell wins face-off versus Radel Fazleev in neutral zone.
8:08 of 1st period - Minor Penalty to Matt Luff for Slashing.
8:09 of 1st period - Dominik Kahun wins face-off versus Jason Dickinson in Little Stars zone.
9:44 of 1st period - Wrist shot by Emile Poirier.
9:44 of 1st period - Shot Misses the Net.
10:08 of 1st period - Penalty to Matt Luff is over, Matt Luff is back on ice.
10:17 of 1st period - Slapshot by Collin Miller.
10:17 of 1st period - Shot Blocked by Austin Poganski.
10:19 of 1st period - Snap shot by Radel Fazleev.
10:19 of 1st period - Shot Blocked by Jared McIsaac.
10:25 of 1st period - Wrist shot by Matt Luff.
10:25 of 1st period - Shot Misses the Net.
10:33 of 1st period - Snap shot by Shane Gersich.
10:33 of 1st period - Stopped by Brandon Halverson without a rebound.
10:34 of 1st period - Tanner Laczynski wins face-off versus Filip Chytil in Checkers zone.
11:00 of 1st period - Ville Pokka is hit by Roberts Lipsbergs and loses puck.
11:05 of 1st period - Wrist shot by Morgan Frost.
11:05 of 1st period - Stopped by Danil Tarasov without a rebound.
11:06 of 1st period - Dominik Kahun wins face-off versus Jason Dickinson in Little Stars zone.
11:07 of 1st period - Wrist shot by Drake Batherson.
11:07 of 1st period - Shot Misses the Net.
11:17 of 1st period - Snap shot by Joakim Nygard.
11:17 of 1st period - Stopped by Brandon Halverson without a rebound.
11:18 of 1st period - Dominik Kahun wins face-off versus Jason Dickinson in Checkers zone.
11:18 of 1st period - Dominik Kahun is hit by Jason Dickinson.
11:28 of 1st period - Wrist shot by Joakim Nygard.
11:28 of 1st period - Stopped by Brandon Halverson with a rebound.
11:30 of 1st period - Wrist shot by Ilya Mikheyev.
11:30 of 1st period - Goal by Ilya Mikheyev - Little Stars : 1 - Checkers : 0.
11:31 of 1st period - Dylan Gambrell wins face-off versus Jason Dickinson in neutral zone.
11:40 of 1st period - Snap shot by Jason Dickinson.
11:40 of 1st period - Stopped by Brandon Halverson with a rebound.
11:56 of 1st period - Patrick Brown is hit by Tucker Poolman and loses puck.
12:01 of 1st period - Snap shot by Emile Poirier.
12:01 of 1st period - Stopped by Brandon Halverson with a rebound.
13:42 of 1st period - John Draeger is hit by Jason Dickinson and loses puck.
13:47 of 1st period - Wrist shot by Joakim Nygard.
13:47 of 1st period - Stopped by Brandon Halverson with a rebound.
14:47 of 1st period - Icing by Wiley Sherman.
14:48 of 1st period - Jason Dickinson wins face-off versus Dominik Kahun in Little Stars zone.
14:55 of 1st period - Wrist shot by Ilya Mikheyev.
14:55 of 1st period - Shot Misses the Net.
14:59 of 1st period - Snap shot by Jason Dickinson.
14:59 of 1st period - Deflect By Ilya Mikheyev.
14:59 of 1st period - Shot Blocked by Kale Clague.
14:59 of 1st period - Puck is out of play.
15:00 of 1st period - Radel Fazleev wins face-off versus Dominik Kahun in Checkers zone.
15:01 of 1st period - Wrist shot by Shane Gersich.
15:01 of 1st period - Stopped by Brandon Halverson with a rebound.
15:03 of 1st period - Slapshot by Reece Willcox.
15:03 of 1st period - Stopped by Brandon Halverson without a rebound.
15:04 of 1st period - Radel Fazleev wins face-off versus Dominik Kahun in Checkers zone.
15:09 of 1st period - Snap shot by Radel Fazleev.
15:09 of 1st period - Stopped by Brandon Halverson with a rebound.
15:11 of 1st period - Snap shot by Radel Fazleev.
15:11 of 1st period - Stopped by Brandon Halverson with a rebound.
15:13 of 1st period - Wrist shot by Radel Fazleev.
15:13 of 1st period - Shot Blocked by Drake Batherson.
15:29 of 1st period - Snap shot by Emile Poirier.
15:29 of 1st period - Stopped by Brandon Halverson with a rebound.
16:12 of 1st period - Jake Walman is hit by Shane Gersich and loses puck.
16:31 of 1st period - Tucker Poolman is hit by Andrei Svechnikov and loses puck.
17:00 of 1st period - Minor Penalty to Morgan Frost for Tripping.
17:01 of 1st period - Radel Fazleev wins face-off versus Anthony Beauvillier in Checkers zone.
17:04 of 1st period - Wrist shot by Shane Gersich.
17:04 of 1st period - Shot Misses the Net.
17:16 of 1st period - Wrist shot by Shane Gersich.
17:16 of 1st period - Goal by Shane Gersich - Little Stars : 2 - Checkers : 0.
17:17 of 1st period - Anthony Beauvillier wins face-off versus Radel Fazleev in neutral zone.
18:17 of 1st period - Kale Clague is hit by Collin Miller and loses puck.
18:44 of 1st period - Minor Penalty to Cal Burke for Tripping.
18:45 of 1st period - Jason Dickinson wins face-off versus Dominik Kahun in Little Stars zone.
18:53 of 1st period - Icing by Timothy Liljegren.
18:54 of 1st period - Jason Dickinson wins face-off versus Dominik Kahun in Checkers zone.
19:15 of 1st period - Tucker Poolman is hit by Anthony Beauvillier and loses puck.
19:22 of 1st period - Wrist shot by Drake Batherson.
19:22 of 1st period - Stopped by Danil Tarasov with a rebound.
19:24 of 1st period - Slapshot by Timothy Liljegren.
19:24 of 1st period - Stopped by Danil Tarasov with a rebound.
19:26 of 1st period - Wrist shot by Drake Batherson.
19:26 of 1st period - Shot Misses the Net.
19:28 of 1st period - Snap shot by Drake Batherson.
19:28 of 1st period - Goal by Drake Batherson - Little Stars : 2 - Checkers : 1.
19:29 of 1st period - Radel Fazleev wins face-off versus Dylan Gambrell in neutral zone.
19:45 of 1st period - Minor Penalty to Patrick Brown for Slashing.
19:46 of 1st period - Jason Dickinson wins face-off versus Dominik Kahun in Checkers zone.
19:54 of 1st period - Anthony Beauvillier is hit by Ilya Mikheyev and loses puck.
Goals for this period are 2 for Little Stars vs 1 for Checkers.
Shots for this period are 18 for Little Stars vs 15 for Checkers.
2nd period
0:01 of 2nd period - Jason Dickinson wins face-off versus Anthony Beauvillier in neutral zone.
0:10 of 2nd period - Wrist shot by Ilya Mikheyev.
0:10 of 2nd period - Stopped by Brandon Halverson without a rebound.
0:11 of 2nd period - Dominik Kahun wins face-off versus Jason Dickinson in Checkers zone.
0:19 of 2nd period - Icing by Jason Dickinson.
0:20 of 2nd period - Jason Dickinson wins face-off versus Dominik Kahun in Little Stars zone.
0:37 of 2nd period - Slapshot by Ilya Mikheyev.
0:37 of 2nd period - Stopped by Brandon Halverson without a rebound.
0:38 of 2nd period - Radel Fazleev wins face-off versus Dominik Kahun in Checkers zone.
0:49 of 2nd period - John Draeger is hit by Collin Miller and loses puck.
1:37 of 2nd period - Wrist shot by Joakim Nygard.
1:37 of 2nd period - Stopped by Brandon Halverson without a rebound.
1:38 of 2nd period - Dominik Kahun wins face-off versus Radel Fazleev in Checkers zone.
1:38 of 2nd period - Dominik Kahun is hit by Reece Willcox.
1:45 of 2nd period - Penalty to Patrick Brown is over, Patrick Brown is back on ice.
2:04 of 2nd period - Tucker Poolman is hit by Austin Poganski and loses puck.
2:09 of 2nd period - Slapshot by Morgan Frost.
2:09 of 2nd period - Stopped by Danil Tarasov with a rebound.
2:11 of 2nd period - Slapshot by Radim Simek.
2:11 of 2nd period - Deflect By Austin Poganski.
2:11 of 2nd period - Deflect By Reece Willcox.
2:11 of 2nd period - Goal by Austin Poganski - Little Stars : 2 - Checkers : 2.
2:12 of 2nd period - Dominik Kahun wins face-off versus Jason Dickinson in neutral zone.
2:23 of 2nd period - Slapshot by Drake Batherson.
2:23 of 2nd period - Stopped by Danil Tarasov with a rebound.
3:26 of 2nd period - Snap shot by Jonathan Dahlen.
3:26 of 2nd period - Shot Blocked by Radim Simek.
3:28 of 2nd period - Snap shot by Ilya Mikheyev.
3:28 of 2nd period - Stopped by Brandon Halverson with a rebound.
3:30 of 2nd period - Slapshot by Reece Willcox.
3:30 of 2nd period - Deflect By Ilya Mikheyev.
3:30 of 2nd period - Shot Blocked by Kale Clague.
3:30 of 2nd period - Puck is out of play.
3:31 of 2nd period - Jason Dickinson wins face-off versus Drake Batherson in Checkers zone.
4:22 of 2nd period - Slapshot by Austin Poganski.
4:22 of 2nd period - Shot Misses the Net.
5:01 of 2nd period - Wiley Sherman is hit by Matt Puempel and loses puck.
5:28 of 2nd period - Snap shot by Andrei Svechnikov.
5:28 of 2nd period - Stopped by Danil Tarasov without a rebound.
5:29 of 2nd period - Patrick Brown wins face-off versus Cal Burke in Little Stars zone.
5:32 of 2nd period - Snap shot by Andrei Svechnikov.
5:32 of 2nd period - Stopped by Danil Tarasov without a rebound.
5:33 of 2nd period - Dominik Kahun wins face-off versus Radel Fazleev in Little Stars zone.
5:34 of 2nd period - Wrist shot by Drake Batherson.
5:34 of 2nd period - Stopped by Danil Tarasov with a rebound.
5:42 of 2nd period - Snap shot by Shane Gersich.
5:42 of 2nd period - Goal by Shane Gersich - Little Stars : 3 - Checkers : 2.
5:43 of 2nd period - Dominik Kahun wins face-off versus Jason Dickinson in neutral zone.
6:10 of 2nd period - Patrick Brown is hit by Radel Fazleev and loses puck.
6:59 of 2nd period - Snap shot by Roberts Lipsbergs.
6:59 of 2nd period - Goal by Roberts Lipsbergs - Little Stars : 3 - Checkers : 3.
7:00 of 2nd period - Dominik Kahun wins face-off versus Ilya Mikheyev in neutral zone.
8:00 of 2nd period - Wrist shot by Justin Auger.
8:00 of 2nd period - Shot Misses the Net.
9:14 of 2nd period - Tanner Laczynski is hit by Filip Chytil and loses puck.
9:48 of 2nd period - Roberts Lipsbergs is hit by Collin Miller.
10:12 of 2nd period - Wrist shot by Jonathan Dahlen.
10:12 of 2nd period - Shot Misses the Net.
10:29 of 2nd period - Kale Clague is hit by Jonathan Dahlen and loses puck.
11:29 of 2nd period - Slapshot by Morgan Frost.
11:29 of 2nd period - Stopped by Danil Tarasov without a rebound.
11:30 of 2nd period - Dominik Kahun wins face-off versus Jason Dickinson in Little Stars zone.
11:43 of 2nd period - Jason Dickinson is hit by Dominik Kahun and loses puck.
11:58 of 2nd period - Slapshot by Tucker Poolman.
11:58 of 2nd period - Stopped by Brandon Halverson with a rebound.
12:06 of 2nd period - Matt Luff is hit by Andrei Svechnikov.
12:20 of 2nd period - Snap shot by Tanner Laczynski.
12:20 of 2nd period - Shot Misses the Net.
12:22 of 2nd period - Wrist shot by Tanner Laczynski.
12:22 of 2nd period - Stopped by Danil Tarasov with a rebound.
12:24 of 2nd period - Slapshot by Kale Clague.
12:24 of 2nd period - Stopped by Danil Tarasov with a rebound.
12:26 of 2nd period - Slapshot by Matt Puempel.
12:26 of 2nd period - Shot Misses the Net.
13:50 of 2nd period - Icing by Wiley Sherman.
13:51 of 2nd period - Dylan Gambrell wins face-off versus Filip Chytil in Little Stars zone.
14:12 of 2nd period - Snap shot by Joakim Nygard.
14:12 of 2nd period - Stopped by Brandon Halverson with a rebound.
14:14 of 2nd period - Wrist shot by Jason Dickinson.
14:14 of 2nd period - Stopped by Brandon Halverson with a rebound.
14:16 of 2nd period - Snap shot by Joakim Nygard.
14:16 of 2nd period - Stopped by Brandon Halverson without a rebound.
14:17 of 2nd period - Jason Dickinson wins face-off versus Dylan Gambrell in Checkers zone.
14:31 of 2nd period - Minor Penalty to John Draeger for Slashing.
14:32 of 2nd period - Joakim Nygard wins face-off versus Dominik Kahun in Checkers zone.
16:06 of 2nd period - Jake Walman is hit by Reece Willcox and loses puck.
16:31 of 2nd period - Penalty to John Draeger is over, John Draeger is back on ice.
16:40 of 2nd period - Ilya Mikheyev is hit by Morgan Frost and loses puck.
16:59 of 2nd period - John Draeger is hit by Cal Burke and loses puck.
17:30 of 2nd period - Collin Miller is hit by Roberts Lipsbergs and loses puck.
18:04 of 2nd period - Filip Chytil is hit by Kirill Marchenko and loses puck.
18:37 of 2nd period - Shane Gersich is hit by Anthony Beauvillier.
18:50 of 2nd period - Icing by Austin Poganski.
18:51 of 2nd period - Tanner Laczynski wins face-off versus Jean-Christophe Beaudin in Checkers zone.
18:51 of 2nd period - Tanner Laczynski is hit by Tucker Poolman.
18:57 of 2nd period - Slapshot by Radim Simek.
18:57 of 2nd period - Stopped by Danil Tarasov without a rebound.
18:58 of 2nd period - Radel Fazleev wins face-off versus Tanner Laczynski in Little Stars zone.
18:58 of 2nd period - Radel Fazleev is hit by John Draeger.
19:14 of 2nd period - Snap shot by Matt Puempel.
19:14 of 2nd period - Stopped by Danil Tarasov with a rebound.
19:16 of 2nd period - Slapshot by Timothy Liljegren.
19:16 of 2nd period - Shot Misses the Net.
19:18 of 2nd period - Snap shot by Matt Puempel.
19:18 of 2nd period - Stopped by Danil Tarasov without a rebound.
19:19 of 2nd period - Jason Dickinson wins face-off versus Dominik Kahun in Little Stars zone.
19:19 of 2nd period - Jason Dickinson is hit by Jake Walman.
19:46 of 2nd period - Snap shot by Tanner Laczynski.
19:46 of 2nd period - Stopped by Danil Tarasov without a rebound.
19:47 of 2nd period - Tanner Laczynski wins face-off versus Radel Fazleev in Little Stars zone.
Goals for this period are 1 for Little Stars vs 2 for Checkers.
Shots for this period are 9 for Little Stars vs 14 for Checkers.
3rd period
0:01 of 3rd period - Dominik Kahun wins face-off versus Jason Dickinson in neutral zone.
0:06 of 3rd period - Wrist shot by Drake Batherson.
0:06 of 3rd period - Shot Misses the Net.
0:14 of 3rd period - Slapshot by Drake Batherson.
0:14 of 3rd period - Shot Blocked by Wiley Sherman.
0:16 of 3rd period - Wrist shot by Anthony Beauvillier.
0:16 of 3rd period - Shot Misses the Net.
0:38 of 3rd period - Snap shot by Matt Puempel.
0:38 of 3rd period - Shot Misses the Net.
0:54 of 3rd period - Wrist shot by Andrei Svechnikov.
0:54 of 3rd period - Stopped by Danil Tarasov without a rebound.
0:55 of 3rd period - Dominik Kahun wins face-off versus Radel Fazleev in Little Stars zone.
1:22 of 3rd period - Jake Walman is hit by Tucker Poolman and loses puck.
1:44 of 3rd period - Backhand shot by Reece Willcox.
1:44 of 3rd period - Stopped by Brandon Halverson without a rebound.
1:45 of 3rd period - Jean-Christophe Beaudin wins face-off versus Tanner Laczynski in Checkers zone.
1:54 of 3rd period - Jonathan Dahlen is hit by Matt Puempel.
2:17 of 3rd period - Wrist shot by Jonathan Dahlen.
2:17 of 3rd period - Stopped by Brandon Halverson with a rebound.
2:22 of 3rd period - Off-side.
2:23 of 3rd period - Dominik Kahun wins face-off versus Jason Dickinson in neutral zone.
2:56 of 3rd period - Slapshot by Wiley Sherman.
2:56 of 3rd period - Stopped by Brandon Halverson with a rebound.
4:14 of 3rd period - Snap shot by Shane Gersich.
4:14 of 3rd period - Stopped by Brandon Halverson with a rebound.
4:40 of 3rd period - Wrist shot by Patrick Brown.
4:40 of 3rd period - Deflect By Tucker Poolman.
4:40 of 3rd period - Stopped by Danil Tarasov with a rebound.
5:39 of 3rd period - Filip Chytil is hit by Jared McIsaac and loses puck.
5:58 of 3rd period - Wrist shot by Dominik Kahun.
5:58 of 3rd period - Shot Blocked by Collin Miller.
6:00 of 3rd period - Wrist shot by Drake Batherson.
6:00 of 3rd period - Stopped by Danil Tarasov with a rebound.
6:02 of 3rd period - Wrist shot by Anthony Beauvillier.
6:02 of 3rd period - Stopped by Danil Tarasov with a rebound.
6:31 of 3rd period - Icing by Kirill Marchenko.
6:32 of 3rd period - Tanner Laczynski wins face-off versus Filip Chytil in Checkers zone.
7:44 of 3rd period - Jonathan Dahlen is hit by Roberts Lipsbergs and loses puck.
8:09 of 3rd period - Wrist shot by Matt Puempel.
8:09 of 3rd period - Stopped by Danil Tarasov with a rebound.
8:19 of 3rd period - Slapshot by Wiley Sherman.
8:19 of 3rd period - Shot Misses the Net.
8:49 of 3rd period - Wrist shot by Patrick Brown.
8:49 of 3rd period - Shot Misses the Net.
8:51 of 3rd period - Snap shot by Kale Clague.
8:51 of 3rd period - Deflect By Andrei Svechnikov.
8:51 of 3rd period - Shot Misses the Net.
8:51 of 3rd period - Puck is out of play.
8:52 of 3rd period - Dominik Kahun wins face-off versus Filip Chytil in Little Stars zone.
9:15 of 3rd period - Dylan Gambrell is hit by Joakim Nygard and loses puck.
9:59 of 3rd period - Dominik Kahun is hit by Cal Burke and loses puck.
10:24 of 3rd period - Ilya Mikheyev is hit by Kirill Marchenko and loses puck.
10:56 of 3rd period - Minor Penalty to Andrei Svechnikov for Interference.
10:57 of 3rd period - Dominik Kahun wins face-off versus Jason Dickinson in Checkers zone.
11:59 of 3rd period - Slapshot by Matt Puempel.
11:59 of 3rd period - Goal by Matt Puempel - Little Stars : 3 - Checkers : 4.
12:00 of 3rd period - Jason Dickinson wins face-off versus Dominik Kahun in neutral zone.
12:14 of 3rd period - Slapshot by Collin Miller.
12:14 of 3rd period - Shot Misses the Net.
12:16 of 3rd period - Snap shot by Joakim Nygard.
12:16 of 3rd period - Goal by Joakim Nygard - Little Stars : 4 - Checkers : 4.
12:17 of 3rd period - Dominik Kahun wins face-off versus Jason Dickinson in neutral zone.
12:27 of 3rd period - Backhand shot by Drake Batherson.
12:27 of 3rd period - Stopped by Danil Tarasov with a rebound.
12:43 of 3rd period - Collin Miller is hit by Radim Simek and loses puck.
13:11 of 3rd period - Andrei Svechnikov is hit by Reece Willcox.
13:38 of 3rd period - Slapshot by Andrei Svechnikov.
13:38 of 3rd period - Shot Misses the Net.
14:29 of 3rd period - Icing by Collin Miller.
14:30 of 3rd period - Tanner Laczynski wins face-off versus Jean-Christophe Beaudin in Little Stars zone.
15:26 of 3rd period - Off-side.
15:27 of 3rd period - Justin Auger wins face-off versus Dominik Kahun in neutral zone.
15:30 of 3rd period - Anthony Beauvillier is hit by Justin Auger and loses puck.
15:39 of 3rd period - Slapshot by Filip Chytil.
15:39 of 3rd period - Shot Misses the Net.
16:01 of 3rd period - Snap shot by Tanner Laczynski.
16:01 of 3rd period - Shot Misses the Net.
16:03 of 3rd period - Slapshot by Timothy Liljegren.
16:03 of 3rd period - Shot Misses the Net.
16:43 of 3rd period - Snap shot by Cal Burke.
16:43 of 3rd period - Shot Misses the Net.
16:59 of 3rd period - Wrist shot by Filip Chytil.
16:59 of 3rd period - Stopped by Brandon Halverson without a rebound.
17:00 of 3rd period - Dylan Gambrell wins face-off versus Filip Chytil in Checkers zone.
17:15 of 3rd period - Wrist shot by Filip Chytil.
17:15 of 3rd period - Shot Misses the Net.
17:51 of 3rd period - Snap shot by Tanner Laczynski.
17:51 of 3rd period - Shot Misses the Net.
17:53 of 3rd period - Slapshot by Tanner Laczynski.
17:53 of 3rd period - Shot Blocked by Samuel Girard.
17:55 of 3rd period - Slapshot by Tanner Laczynski.
17:55 of 3rd period - Shot Blocked by Ville Pokka.
19:33 of 3rd period - Wrist shot by Austin Poganski.
19:33 of 3rd period - Stopped by Danil Tarasov with a rebound.
Goals for this period are 1 for Little Stars vs 1 for Checkers.
Shots for this period are 6 for Little Stars vs 8 for Checkers.
Overtime #1
0:01 of 1st overtime period - Jason Dickinson wins face-off versus Dominik Kahun in neutral zone.
0:04 of 1st overtime period - Slapshot by Dominik Kahun.
0:04 of 1st overtime period - Stopped by Danil Tarasov with a rebound.
0:31 of 1st overtime period - Slapshot by Andrei Svechnikov.
0:31 of 1st overtime period - Shot Misses the Net.
0:33 of 1st overtime period - Snap shot by Dylan Gambrell.
0:33 of 1st overtime period - Stopped by Danil Tarasov with a rebound.
0:49 of 1st overtime period - Snap shot by Morgan Frost.
0:49 of 1st overtime period - Shot Misses the Net.
0:51 of 1st overtime period - Wrist shot by Roberts Lipsbergs.
0:51 of 1st overtime period - Stopped by Danil Tarasov with a rebound.
1:05 of 1st overtime period - Wrist shot by Matt Luff.
1:05 of 1st overtime period - Deflect By Timothy Liljegren.
1:05 of 1st overtime period - Shot Blocked by John Draeger.
1:05 of 1st overtime period - Puck is out of play.
1:06 of 1st overtime period - Kirill Marchenko wins face-off versus Jason Dickinson in Checkers zone.
1:06 of 1st overtime period - Kirill Marchenko is hit by Jason Dickinson.
1:16 of 1st overtime period - Snap shot by Matt Puempel.
1:16 of 1st overtime period - Stopped by Danil Tarasov with a rebound.
2:02 of 1st overtime period - Snap shot by Samuel Girard.
2:02 of 1st overtime period - Shot Misses the Net.
2:13 of 1st overtime period - Off-side.
2:14 of 1st overtime period - Dominik Kahun wins face-off versus Jason Dickinson in neutral zone.
2:19 of 1st overtime period - Wrist shot by Kale Clague.
2:19 of 1st overtime period - Shot Blocked by Reece Willcox.
2:21 of 1st overtime period - Slapshot by Anthony Beauvillier.
2:21 of 1st overtime period - Deflect By Jason Dickinson.
2:21 of 1st overtime period - Shot Misses the Net.
2:21 of 1st overtime period - Puck is out of play.
2:22 of 1st overtime period - Jason Dickinson wins face-off versus Drake Batherson in Little Stars zone.
2:52 of 1st overtime period - Off-side.
2:53 of 1st overtime period - Radel Fazleev wins face-off versus Morgan Frost in neutral zone.
3:05 of 1st overtime period - Off-side.
3:06 of 1st overtime period - Dominik Kahun wins face-off versus Jason Dickinson in neutral zone.
3:35 of 1st overtime period - Wrist shot by Emile Poirier.
3:35 of 1st overtime period - Shot Blocked by Dominik Kahun.
3:45 of 1st overtime period - Snap shot by Dominik Kahun.
3:45 of 1st overtime period - Shot Misses the Net.
3:51 of 1st overtime period - Snap shot by Dominik Kahun.
3:51 of 1st overtime period - Shot Misses the Net.
3:53 of 1st overtime period - Snap shot by Radim Simek.
3:53 of 1st overtime period - Shot Misses the Net.
3:55 of 1st overtime period - Slapshot by Kale Clague.
3:55 of 1st overtime period - Stopped by Danil Tarasov without a rebound.
3:56 of 1st overtime period - Dylan Gambrell wins face-off versus Jason Dickinson in Little Stars zone.
5:22 of 1st overtime period - Wrist shot by Ilya Mikheyev.
5:22 of 1st overtime period - Shot Misses the Net.
5:43 of 1st overtime period - Minor Penalty to Matt Luff for Slashing.
5:44 of 1st overtime period - Dominik Kahun wins face-off versus Jason Dickinson in Little Stars zone.
5:51 of 1st overtime period - Minor Penalty to Collin Miller for Delaying the game.
5:52 of 1st overtime period - Dominik Kahun wins face-off versus Jason Dickinson in Little Stars zone.
5:54 of 1st overtime period - Snap shot by Drake Batherson.
5:54 of 1st overtime period - Goal by Drake Batherson - Little Stars : 4 - Checkers : 5.
Goals for this period are 0 for Little Stars vs 1 for Checkers.
Shots for this period are 0 for Little Stars vs 6 for Checkers.
Output by the SimonT Hockey Simulator (STHS) for Francois Prevost